AoeStats
← OmarGutieG

Fortress

508041084Analyzed
2v2 RM · 11d ago on Sep 20, 2026· 50m 48s· 4 players
Game mode
Random Map
Map size
Normal (6 player)
Population
200
Speed
Normal
Resources
Standard
Victory
Conquest
Starting age
Dark Age
Ending age
Imperial Age
RankedLock teamsTeams togetherTeam positionsShared explorationLock speedFull tech treeHidden civsTurbo modeCheats
Victory
Defeat
🇺🇸 Magyars · United States
1394
+13
🇺🇸 Bohemians · United States
1313
+16
🇲🇽 Persians · Mexico
1329
-15
🇲🇽 Britons · Mexico
1313
-14
armigame1
7:18 Feudal Age
10:50 Castle Age
9:07 Double-Bit Axe
9:12 Horse Collar
13:28 Bow Saw
16:47 Wheelbarrow
17:53 Loom
18:31 Heavy Plow
18:56 Gold Mining
20:20 Gold Shaft Mining
20:54 Hand Cart
24:19 Imperial Age
24:17 Bloodlines
24:08 Husbandry
24:17 Scale Barding Armor
24:22 Forging
23:59 Cavalier
26:20 Conscription
25:50 Town Watch
26:55 Savar
28:55 Chemistry
32:04 Chain Barding Armor
32:20 Iron Casting
33:03 Light Cavalry
34:44 Plate Barding Armor
33:57 Hussar
36:27 Blast Furnace
36:31 Ballistics
36:23 Fletching
36:34 Padded Archer Armor
36:44 Elite Skirmisher
OmarGutieG
7:15 Feudal Age
11:11 Castle Age
10:37 Double-Bit Axe
15:01 Wheelbarrow
14:32 Horse Collar
16:05 Loom
18:02 Fletching
18:19 Heavy Plow
18:43 Bow Saw
19:03 Gold Mining
19:53 Hand Cart
20:23 Town Watch
21:25 Stone Mining
22:12 Town Patrol
23:11 Bodkin Arrow
23:16 Padded Archer Armor
25:45 Ballistics
27:56 Imperial Age
26:58 Leather Archer Armor
26:59 Masonry
26:29 Treadmill Crane
27:36 Yeomen
28:29 Gold Shaft Mining
29:03 Conscription
28:04 Elite Longbowman
29:49 Chemistry
29:03 Forging
29:33 Bracer
30:03 Ring Archer Armor
33:39 Ring Archer Armor
47:45 Scale Barding Armor
47:50 Forging
Gyrdalf
6:52 Feudal Age
7:43 Double-Bit Axe
7:39 Horse Collar
10:50 Loom
13:26 Castle Age
14:40 Bow Saw
14:46 Heavy Plow
16:23 Wheelbarrow
20:23 Hand Cart
20:39 Town Watch
21:25 Gold Mining
24:42 Imperial Age
25:33 Fletching
25:44 Padded Archer Armor
27:26 Two-Man Saw
25:57 Heavy Cavalry Archer
26:33 Bodkin Arrow
27:05 Parthian Tactics
27:23 Crop Rotation
27:36 Ballistics
27:49 Thumb Ring
27:46 Bracer
28:02 Leather Archer Armor
28:36 Conscription
28:42 Recurve Bow
29:04 Bloodlines
28:54 Husbandry
30:04 Ring Archer Armor
31:01 Chemistry
35:08 Elite Magyar Huszar
36:24 Hoardings
35:56 Scale Barding Armor
38:50 Chain Barding Armor
40:38 Corvinian Army
42:05 Town Patrol
42:58 Plate Barding Armor
48:32 Coinage
50:12 Caravan
50:43 Banking
Freiberg47
5:36 Loom
7:37 Feudal Age
10:07 Wheelbarrow
9:39 Double-Bit Axe
9:54 Horse Collar
12:16 Castle Age
14:15 Heavy Plow
14:54 Town Watch
15:30 Bow Saw
21:06 Hand Cart
22:11 Town Patrol
26:05 Imperial Age
24:35 Wagenburg Tactics
26:07 Chemistry
26:07 Elite Hussite Wagon
27:36 Conscription
27:34 Pikeman
28:14 Squires
27:59 Arson
28:17 Scale Mail Armor
28:27 Forging
29:13 Chain Mail Armor
28:20 Halberdier
31:33 Two-Man Saw
31:37 Plate Mail Armor
34:52 Iron Casting
37:12 Blast Furnace
37:46 Siege Engineers
39:27 Hussite Reforms
40:03 Houfnice
42:08 Ballistics
41:58 Masonry
41:43 Murder Holes
42:17 Fletching
43:30 Caravan
45:00 Bodkin Arrow
Connection lost

Rejoining the realm…

Still unreachable

The connection could not be restored.

Session expired

The server has moved on; the page needs a fresh start.